 Dungeon Crawl Stone Soup version 0.26.1-11-gd32895ea62 (webtiles) character file.

Game seed: 13899065639531715279

1937 Jerry the Insei (level 9, -13/61 HPs)
             Began as an Octopode Transmuter on June 22, 2021.
             Was an Initiate of Gozag.
             Mangled by an ogre
             ... wielding a +0 giant spiked club
              (32 damage)
             ... on level 7 of the Dungeon.
             The game lasted 00:21:49 (6864 turns).

Jerry the Insei (Octopode Transmuter)               Turns: 6864, Time: 00:21:49

Health: -13/61     AC:  3    Str: 11    XL:     9   Next: 18%
Magic:  12/12      EV: 16    Int: 17    God:    Gozag
Gold:   624        SH:  0    Dex: 12    Spells: 8/12 levels left

rFire    . . .     SeeInvis +     - Unarmed
rCold    . . .     Faith    .   (no shield)
rNeg     . . .     Spirit   .   a - +2 hat
rPois    +         Reflect  .   m - amulet of regeneration
rElec    .         Harm     .   b - ring of see invisible
rCorr    .         Rampage  .   o - ring of poison resistance
Will     .....                  (no ring)
Stlth    +++.......             (no ring)
HPRegen  0.60/turn              (no ring)
MPRegen  0.13/turn              (no ring)
                                (no ring)
                                (no ring)

@: mighty, lethally poisoned (-13 -> -13)
A: almost no armour, stealthy swim, amphibious, 8 rings, constrict 8, camouflage
1, gelatinous body 1
a: Renounce Religion, Potion Petition, Call Merchant, Bribe Branch


You were on level 7 of the Dungeon.
You worshipped Gozag.
Gozag was pleased with you.
You visited 2 branches of the dungeon, and saw 9 of its levels.

You collected 927 gold pieces.
You spent 208 gold pieces at shops.
You paid 95 gold pieces to Gozag.

Inventory:

Armour
 a - a +2 hat (worn)
Jewellery
 b - a ring of see invisible (left tentacle)
 f - an uncursed amulet of reflection
 m - an amulet of regeneration (around mantle)
 o - a ring of poison resistance (right tentacle)
Wands
 h - a wand of iceblast (9)
 l - a wand of polymorph (10)
 y - a wand of flame (24)
 B - a wand of paralysis (9)
Scrolls
 d - 3 scrolls of fog {unknown}
 e - 5 scrolls of enchant weapon {unknown}
 g - 5 scrolls of identify
 j - a scroll of random uselessness {unknown}
 p - a scroll of immolation {unknown}
 s - 2 scrolls of teleportation
 t - 2 scrolls of remove curse
 x - a scroll of amnesia {unknown}
 A - a scroll of magic mapping {unknown}
 D - 2 scrolls of fear {unknown}
 E - a scroll of blinking {unknown}
Potions
 c - 3 potions of flight
 i - 2 potions of degeneration
 k - 2 potions of attraction {unknown}
 n - 4 potions of curing {unknown}
 q - a potion of berserk rage {unknown}
 r - a potion of invisibility {unknown}
 w - a potion of lignification
 z - a potion of resistance
 C - a potion of mutation {unknown}


   Skills:
 + Level 5.4 Fighting
 + Level 5.7 Dodging
 + Level 4.1 Stealth
 + Level 6.9 Unarmed Combat
 - Level 2.0 Spellcasting
 + Level 5.7 Transmutations


You had 8 spell levels left.
You knew the following spells:

 Your Spells              Type           Power        Failure   Level
a - Beastly Appendage     Tmut           42%          1%          1
b - Spider Form           Tmut/Pois      5%           19%         3

Your spell library contained the following spells:

 Spells                   Type           Power        Failure   Level
 Wereblood                Tmut           21%          2%          2
 Summon Small Mammal      Summ           4%           19%         1
 Call Imp                 Summ           1%           28%         2
 Blade Hands              Tmut           10%          45%         5
 Call Canine Familiar     Summ           1%           50%         3
 Summon Guardian Golem    Hex/Summ       1%           50%         3
 Ice Form                 Ice/Tmut       11%          52%         4
 Summon Ice Beast         Ice/Summ       1%           88%         4
 Summon Lightning Spire   Summ/Air       1%           88%         4


Dungeon Overview and Level Annotations

Branches:
Dungeon (8/15)             Temple (1/1) D:4
   Lair: D:8-11

Altars:
Ashenzari
Cheibriados
Dithmenos
Fedhas
Gozag
Hepliaklqana
Makhleb
Nemelex Xobeh
Ru
Sif Muna
Trog
Uskayaw
Vehumet
Yredelemnul
Zin
The Shining One

Shops:
D:5 ![

Annotations:
D:5 Duvessa


Innate Abilities, Weirdness & Mutations

You cannot wear most types of armour.
You are very stealthy in the water. (Stealth+)
You are amphibious.
You can wear up to eight rings at the same time.
You can use your tentacles to constrict eight enemies at once.
Your skin changes colour to match your surroundings (Stealth+).
Your rubbery body absorbs attacks. (AC +1, EV +1)


Message History

You feel sick. The killer bee completely misses you.
The killer bee closely misses you.
You completely miss the killer bee. You grab the killer bee.
You squeeze the killer bee.
You kill the killer bee!
You feel sick.
You feel sick.
You now have 617 gold pieces (gained 5).
You feel sick.
You now have 624 gold pieces (gained 7).
You feel sick.
An ogre comes into view. It is wielding a +0 giant spiked club.
You feel sick.
The ogre shouts!
You feel sick.
You feel sick.
The ogre hits you with a +0 giant spiked club!!
Ouch! That really hurt!
You die...
Your body crumbles into a pile of gold.

##### #...######## #.#........#
###########...######.#
#.......<.......>###.#
#.####>####....O..##.############
#.# #.# #.####@.##.............
#.# #.# #.# #y.########.######
#.# #.# #.# #..# #.#
#.####.####.# #.y# #.# #
.(..........# #..# #.# #
#.####.###### #.y########.######
#.# #.# #...............## ..#
#..#####....##...< ### #..#
#...#..#..#


You could see an ogre and 3 killer bees.

Vanquished Creatures
  An ice beast (D:5)
  4 ogres
  4 bullfrogs
  A water moccasin skeleton (D:6)
  2 scorpions
  Dowan (D:5)
  3 killer bees (D:7)
  3 wights (D:6)
  A bullfrog zombie (D:7)
  An orc priest (D:4)
  3 hounds
  A jelly (D:7)
  2 orc wizards
  2 bullfrog skeletons (D:5)
  Ijyb (D:3)
  4 worker ants
  A hound zombie (D:6)
  A hound skeleton (D:7)
  9 adders
  4 gnolls
  2 river rats (D:4)
  A shadow imp (D:7)
  3 white imps
  6 ufetubi
  2 adder zombies (D:6)
  6 worms (D:4)
  2 dart slugs (D:4)
  7 leopard geckos
  11 orcs
  3 bats
  5 giant cockroaches
  16 goblins
  8 hobgoblins
  10 jackals
  8 kobolds
  3 quokkas
  A ball python (D:1)
  4 frilled lizards
  A jackal zombie (D:5)
  2 leopard gecko skeletons
  2 quokka skeletons
  9 rats
161 creatures vanquished.

Notes
Turn   | Place    | Note
-------+----------+-------------------------------------------
     0 | D:1      | Jerry the Octopode Transmuter began the quest for the Orb.
     0 | D:1      | Reached XP level 1. HP: 13/13 MP: 3/3
   223 | D:1      | Reached XP level 2. HP: 18/18 MP: 5/5
   495 | D:1      | Reached XP level 3. HP: 23/23 MP: 6/6
   863 | D:2      | You fall into a shaft and drop 1 floor!
  1170 | D:3      | Reached XP level 4. HP: 29/29 MP: 7/7
  1426 | D:3      | Reached skill level 4 in Unarmed Combat
  1427 | D:3      | Noticed Ijyb
  1441 | D:3      | Killed Ijyb
  1448 | D:3      | Reached XP level 5. HP: 21/34 MP: 8/8
  2078 | D:2      | You fall into a shaft and drop 2 floors!
  2515 | D:4      | Reached XP level 6. HP: 33/41 MP: 9/9
  2906 | D:4      | Found a shadowy altar of Dithmenos.
  2908 | D:4      | Found a snail-covered altar of Cheibriados.
  2908 | D:4      | Found a burning altar of Makhleb.
  2918 | D:4      | Found a hazy altar of Hepliaklqana.
  2921 | D:4      | Found a hide-covered altar of Uskayaw.
  3160 | D:4      | Found a staircase to the Ecumenical Temple.
  3167 | Temple   | Entered the Ecumenical Temple
  3174 | Temple   | Became a worshipper of Gozag Ym Sagoz the Greedy
  3193 | D:4      | Found a sparkling altar of Nemelex Xobeh.
  3524 | D:4      | Reached skill level 5 in Unarmed Combat
  3772 | D:4      | Learned a level 3 spell: Spider Form
  3875 | D:2      | Found a bloodstained altar of Trog.
  4153 | D:5      | Entered Level 5 of the Dungeon
  4154 | D:5      | Found Umegupt's Distillery.
  4185 | D:5      | Bought a potion of might for 52 gold pieces
  4185 | D:5      | Bought a potion of heal wounds for 65 gold pieces
  4185 | D:5      | Bought a potion of degeneration for 13 gold pieces
  4185 | D:5      | Bought a potion of lignification for 39 gold pieces
  4185 | D:5      | Bought a potion of flight for 39 gold pieces
  4211 | D:5      | Found Puhuir's Armour Shoppe.
  4242 | D:5      | Reached XP level 7. HP: 21/46 MP: 10/10
  4726 | D:5      | Found a radiant altar of Vehumet.
  4951 | D:5      | Noticed Dowan
  4957 | D:5      | Killed Dowan
  4999 | D:5      | Reached XP level 8. HP: 36/54 MP: 9/11
  5084 | D:5      | Noticed Duvessa
  5267 | D:6      | Reached skill level 6 in Unarmed Combat
  5667 | D:6      | Reached skill level 1 in Stealth
  5839 | D:6      | Reached skill level 5 in Dodging
  5843 | D:6      | Reached skill level 5 in Transmutations
  6223 | D:7      | Reached skill level 5 in Fighting
  6503 | D:7      | Reached XP level 9. HP: 43/61 MP: 12/12
  6864 | D:7      | Mangled by an ogre

Illustrated notes

Levels and vault maps discovered:
D:1:      lemuel_arrival_broad_hall, layout_loops_cross, st_stairs_8
D:2:      layout_basic, hangedman_feature_mirror, trog_three_pillars_becter
D:3:      kennysheep_the_goblin_king, layout_rooms
D:4:      layout_loops_ring, nemelex_xobeh_ov_fountains_minmay,
          minmay_overflow_temple_star_hex, minmay_temple_entry_offerings,
          lightli_sewer_entry_pipes
D:5:      kennysheep_spiral_hall, layout_loops_ring, serial_shops, shop, shop,
          vehumet_altar_wand_db, uniq_duvessa
D:6:      layout_loops_cross, minmay_misc_feat_more_columns
D:7:      layout_loops_ring, overflow_temple_1_default, minmay_curled_crystal
D:8:      layout_cave_pools, elyvilon_altar_5, kennysheep_little_box,
          serial_shops, kennysheep_mini, basic_altar, uniq_grum, uniq_erica
Temple:   cyrus_circular_temple

Skill      XL: |  1  2  3  4  5  6  7  8  9 |
---------------+----------------------------+-----
Unarmed Combat | 4 5 6 |  6.9
Fighting       | 2 3 4 5 |  5.4
Dodging        | 3 4 5 |  5.7
Transmutations | 3 4 5 |  5.7
Stealth        | 3 4 |  4.1
Spellcasting   | |  2.0

Action                   |  1- 3 |  4- 6 |  7- 9 || total
-------------------------+-------+-------+-------++-------
Melee: Unarmed           |    55 |   174 |   247 ||   476
       Constrict         |    17 |    45 |    50 ||   112
       Tentacles         |    12 |    33 |    37 ||    82
       Punch             |     1 |     9 |     9 ||    19
       Kick              |       |       |     8 ||     8
 Cast: Beastly Appendage |       |       |     4 ||     4
       Spider Form       |       |       |     1 ||     1
  Use: Scroll            |       |     6 |     1 ||     7
       Potion            |       |       |     3 ||     3
 Stab: Sleeping          |     2 |    11 |    13 ||    26
Armor: Skin              |     5 |    15 |    23 ||    43
Dodge: Dodged            |    42 |    80 |   166 ||   288
